 Dungeon Crawl Stone Soup version 0.20.1-1-g8b1a95d (webtiles) character file.

37148 mastercheaf21 the Severer (level 13, 0/171 HPs)
             Began as a Minotaur Berserker on Nov 8, 2017.
             Was the Champion of Trog.
             Killed by nerve-wracking pain
             ... invoked by an orc priest
              (10 damage)
             ... on level 2 of the Orcish Mines.
             The game lasted 01:51:45 (16589 turns).

mastercheaf21 the Severer (Minotaur Berserker)     Turns: 16589, Time: 01:51:49

Health: 0/171      AC: 20    Str: 35    XL:     13   Next: 56%
Magic:  12/12      EV:  7    Int:  4    God:    Trog [******]
Gold:   2346       SH: 27    Dex: 15    Spells: 12/12 levels left

rFire    . . .     SeeInvis .   X - +1 war axe of Aseol {chop, Str+5}
rCold    + + .     Gourm    .   s - +0 large shield
rNeg     . . .     Faith    .   F - +1 plate armour
rPois    .         Spirit   .   a - +1 hat
rElec    .         Reflect  .   u - scarf {rC+ rF+}
rCorr    .         Harm     .   i - +1 pair of gloves
MR       .....                  (no boots)
Stlth    ..........             (no amulet)
Regen    0.4/turn               G - ring of ice
MPRegen  0.2/turn               K - +5 ring of dexterity

@: berserking, very quick
A: retaliatory headbutt, hooves 1, horns 2, large bone plates 1, thin metallic
scales 1, clumsy 1
a: Berserk, Trog's Hand, Brothers in Arms, Burn Spellbooks, Renounce Religion


You were on level 2 of the Orcish Mines.
You worshipped Trog.
Trog was exalted by your worship.
You were not hungry.

You visited 3 branches of the dungeon, and saw 14 of its levels.
You also visited: Bailey and Ice Cave.

You collected 2346 gold pieces.

Inventory:

Hand Weapons
 m - a +2 scimitar of flaming
 t - a +2 battleaxe of chopping
 v - a +1 whip of electrocution
 w - a +2 antimagic battleaxe
 y - a +0 antimagic executioner's axe
 H - a +1 glaive of freezing
 M - a +2 war axe of electrocution
 O - a +2 battleaxe of freezing
 P - a +3 scythe of venom
 Q - a +2 falchion of holy wrath
 X - the +1 war axe of Aseol (weapon) {chop, Str+5}
   (You found it in an ice cave)

   It inflicts extra damage upon your enemies.
   It affects your strength (+5).
 Y - a +0 broad axe of freezing
 Z - a +4 long sword
Missiles
 A - 35 tomahawks of returning (quivered)
 R - 5 javelins of penetration
Armour
 a - a +1 hat (worn)
 i - a +1 pair of gloves (worn)
 q - a +3 leather armour of cold resistance
 s - a +0 large shield (worn)
 u - a scarf of resistance (worn)
 F - a +1 plate armour (worn)
Jewellery
 k - the amulet of the Hare {+Rage +Inv Int+4}
   (You acquired it on level 11 of the Dungeon)

   [amulet of rage]

   It affects your intelligence (+4).
   It lets you turn invisible.
   It lets you go berserk.
 p - a +3 amulet of reflection
 G - a ring of ice (left hand)
 K - a +5 ring of dexterity (right hand)
Wands
 C - a wand of scattershot (4/9)
 U - a wand of confusion (28/48)
 W - a wand of flame (29/48)
Scrolls
 b - 2 scrolls of enchant armour
 e - 2 scrolls of remove curse
 g - 6 scrolls of teleportation
 h - a scroll of magic mapping
 o - 11 scrolls of identify
 x - 3 scrolls of recharging
 J - a scroll of fog
Potions
 f - a potion of invisibility
 l - 7 potions of curing
 D - 2 potions of might
 L - a potion of flight
 T - a potion of agility
Books
 n - a book of Necromancy

   Spells                             Type                      Level
   a - Pain                           Necromancy                   1
   b - Animate Skeleton               Necromancy                   1
   c - Vampiric Draining              Necromancy                   3
   d - Regeneration                   Charms/Necromancy            3
   e - Animate Dead                   Necromancy                   4
   f - Control Undead                 Necromancy                   4
   Trog disapproves of the use of such an item.
 E - a book of Cantrips

   Spells                             Type                      Level
   a - Confusing Touch                Hexes                        1
   b - Animate Skeleton               Necromancy                   1
   c - Summon Small Mammal            Summoning                    1
   d - Apportation                    Translocation                1
   Trog disapproves of the use of such an item.
 I - a book of Ice

   Spells                             Type                      Level
   a - Ice Form                       Ice/Transmutation            4
   b - Metabolic Englaciation         Hexes/Ice                    5
   c - Ozocubu's Refrigeration        Ice                          6
   d - Bolt of Cold                   Conjuration/Ice              6
   e - Freezing Cloud                 Conjuration/Ice/Air          6
   f - Simulacrum                     Ice/Necromancy               6
   Trog disapproves of the use of such an item.
 V - a book of Conjurations

   Spells                             Type                      Level
   a - Magic Dart                     Conjuration                  1
   b - Searing Ray                    Conjuration                  2
   c - Dazzling Spray                 Conjuration/Hexes            3
   d - Fulminant Prism                Conjuration/Hexes            4
   e - Force Lance                    Conjuration/Translocation    4
   f - Iskenderun's Mystic Blast      Conjuration                  4
   Trog disapproves of the use of such an item.
Miscellaneous
 S - a lamp of fire
Comestibles
 c - 4 bread rations
 j - 5 meat rations
 r - 8 fruits
 z - 11 royal jellies


   Skills:
 - Level 10.6 Fighting
 - Level 2.0 Long Blades
 - Level 17.8 Axes
 - Level 1.4 Throwing
 * Level 9.0 Armour
 - Level 2.1 Dodging
 - Level 1.0 Stealth
 + Level 15.3 Shields


You had 12 spell levels left.
You didn't know any spells.

Dungeon Overview and Level Annotations

Branches:
Dungeon (11/15)            Temple (1/1) D:5            Lair (0/6) D:11
    Orc (2/2) D:11            Elf (0/3) Orc:2

Altars:
Dithmenos
Hepliaklqana
Makhleb
Okawaru
Trog
Beogh

Shops:
D:6 *   D:10 :   Orc:2 :

Annotations:
D:8 1 runed door


Innate Abilities, Weirdness & Mutations

You reflexively headbutt those who attack you in melee.
You have a pair of horns on your head.
You have large cloven feet.
You are partially covered in large bone plates. (SH +4)
You are partially covered in thin metallic scales. (AC +2)
You are clumsy. (Dex -2)


Message History

Something hits you but does no damage.
The orc wizard hits you but does no damage.
You block the orc warrior's attack.
An orc priest comes into view. It is wielding a short sword.
Items here: )) [[ † a club; a leather armour; a long sword of slicing; a plate armour an orc corpse You slice the orc wizard!!
You kill the orc wizard!
Trog accepts your kill.
Trog appreciates your killing of a magic user.
You miss something. You slash the orc warrior!
An orc high priest comes into view. It is wielding an enchanted halberd.
You slash the orc warrior! You kick the orc warrior.
You kill the orc warrior!
Trog accepts your kill.
You closely miss something.
The orc priest invokes the aid of Beogh against you.
Pain shoots through your body!
You die...

### # ##.#### #...##.
##.##.. ###### #...#.#
#####.)))## ###..#...
#...)@##).## #.....#.#
#.....).##..# #......#.
#∩.#o##...##.###........
#. # ##..##..##........
o..##.##........
...##.##........
...##.##........
..#####.##....#...
..................


You could see an orc high priest and an orc priest.

Vanquished Creatures
  Gastronok (D:8)
  A frost giant (IceCv)
  Azrael (Orc:1)
  Fannar (D:11)
  A two-headed ogre (D:9)
  Erica (D:8)
  A death yak (IceCv)
  2 orc high priests (Orc:2)
  Nergalle (D:11)
  An unseen horror (D:10)
  Pikel (D:8)
  4 orc knights
  6 orc sorcerers
  The ghost of vuolankoinen the Nimble, a novice FeSu of Sif Muna (D:9)
  The ghost of vuolankoinen the Sneak, a novice FeSu of Sif Muna (Bailey)
  A cyclops (Orc:1)
  Psyche (D:9)
  An ice statue (IceCv)
  5 trolls
  A hornet (D:8)
  17 polar bears (IceCv)
  3 hippogriffs
  A wraith (D:11)
  A wyvern (D:11)
  24 yaks
  Grum (D:9)
  4 fire elementals
  A hungry ghost (D:11)
  The ghost of Tenz the Sneak, an amateur KoAs of Uskayaw (D:3)
  A water moccasin (D:11)
  2 acid dragons (D:11)
  2 porcupines (D:11)
  4 hell hounds
  20 orc warriors
  2 black bears
  A necrophage (D:11)
  14 ice beasts
  4 phantoms
  21 wolves
  4 centaurs
  10 ogres
  A big kobold (D:7)
  5 bullfrogs
  2 wyvern skeletons
  3 scorpions
  3 wights
  3 howler monkeys
  A bullfrog zombie (D:8)
  2 centaur zombies
  3 quasits
  6 crimson imps
  4 hounds
  9 jellies
  Crazy Yiuf (D:7)
  2 centaur skeletons
  16 orc priests
  A bullfrog skeleton (D:9)
  8 worker ants
  Natasha (thrice) (D:2)
  5 iguanas
  14 orc wizards
  A hound skeleton (D:7)
  2 worker ant zombies
  20 gnolls
  11 adders
  2 shadow imps
  16 oozes
  An adder zombie (D:8)
  2 adder skeletons
  5 worms (D:2)
  4 dart slugs
  5 leopard geckos
  79 orcs
  9 giant cockroaches
  15 goblins
  7 hobgoblins
  21 jackals
  26 kobolds
  4 quokkas
  2 ball pythons
  4 bats
  7 frilled lizards
  A jackal zombie (D:8)
  A quokka skeleton (D:10)
  11 rats
  10 fungi
  2 plants (D:11)
531 creatures vanquished.

Vanquished Creatures (others)
  2 slaves (D:8)
  3 orc priests (Orc:2)
  An orc (D:11)
  9 kobolds (Bailey)
  2 fungi (D:11)
  11 toadstools (D:4)
28 creatures vanquished.

Grand Total: 559 creatures vanquished

Notes
Turn   | Place    | Note
-------+----------+-------------------------------------------
     0 | D:1      | mastercheaf21 the Minotaur Berserker began the quest for the Orb.
     0 | D:1      | Reached XP level 1. HP: 19/19 MP: 0/0
   206 | D:1      | Reached skill level 4 in Axes
   413 | D:1      | Reached XP level 2. HP: 23/26 MP: 1/1
  1027 | D:2      | Reached skill level 5 in Axes
  1027 | D:2      | Reached XP level 3. HP: 11/31 MP: 2/2
  1441 | D:2      | Noticed Natasha
  1445 | D:2      | Killed Natasha
  1445 | D:2      | Reached skill level 6 in Axes
  1445 | D:2      | Reached XP level 4. HP: 39/39 MP: 3/3
  1451 | D:2      | Reached ** piety under Trog
  2060 | D:2      | Noticed Natasha
  2063 | D:2      | Killed Natasha
  2063 | D:2      | Reached XP level 5. HP: 41/45 MP: 4/4
  2111 | D:2      | Reached skill level 7 in Axes
  2391 | D:2      | Noticed Natasha
  2395 | D:2      | Killed Natasha
  2395 | D:2      | Reached skill level 1 in Stealth
  2571 | D:3      | Reached XP level 6. HP: 19/51 MP: 5/5
  2586 | D:3      | Reached skill level 8 in Axes
  2954 | D:3      | Reached *** piety under Trog
  3540 | D:3      | Noticed Tenz's ghost (amateur KoAs)
  3545 | D:3      | Killed Tenz's ghost
  3545 | D:3      | Reached skill level 9 in Axes
  3662 | D:4      | Reached XP level 7. HP: 55/57 MP: 6/6
  3762 | D:4      | Found a burning altar of Makhleb.
  4083 | D:4      | Reached skill level 10 in Axes
  4097 | D:4      | Received a gift from Trog
  4103 | D:4      | Reached skill level 1 in Shields
  4670 | D:5      | Entered Level 5 of the Dungeon
  4715 | D:5      | Reached skill level 11 in Axes
  4718 | D:5      | Reached **** piety under Trog
  4724 | D:5      | Reached XP level 8. HP: 61/64 MP: 7/7
  4773 | D:5      | Reached skill level 12 in Axes
  5268 | D:5      | Found a hazy altar of Hepliaklqana.
  5294 | D:5      | Found a staircase to the Ecumenical Temple.
  5300 | Temple   | Entered the Ecumenical Temple
  5448 | D:6      | Reached skill level 13 in Axes
  6074 | D:6      | Reached XP level 9. HP: 63/70 MP: 8/8
  6417 | D:6      | Reached skill level 14 in Axes
  6489 | D:6      | Found Mostregrez's Assorted Antiques.
  6840 | D:7      | Found a burning altar of Makhleb.
  7255 | D:7      | Reached skill level 15 in Axes
  7350 | D:7      | Found a runed door.
  7354 | D:7      | Noticed Crazy Yiuf
  7359 | D:7      | Killed Crazy Yiuf
  7802 | D:7      | Reached ***** piety under Trog
  7846 | D:7      | Gained mutation: You can translocate small distances at will. [potion of mutation]
  7846 | D:7      | Gained mutation: You are agile. (Dex +2) [potion of mutation]
  7846 | D:7      | Gained mutation: Armour fits poorly on your strangely shaped body. [potion of mutation]
  7846 | D:7      | Gained mutation: Your skin changes colour to match your surroundings (Stealth+). [potion of mutation]
  7847 | D:7      | Lost mutation: You can translocate small distances at will. [potion of mutation]
  7847 | D:7      | Lost mutation: Armour fits poorly on your strangely shaped body. [potion of mutation]
  7847 | D:7      | Lost mutation: Your skin changes colour to match your surroundings (Stealth+). [potion of mutation]
  7847 | D:7      | Lost mutation: You are agile. (Dex +2) [potion of mutation]
  7847 | D:7      | Gained mutation: You are partially covered in thin metallic scales. (AC +2) [potion of mutation]
  7847 | D:7      | Gained mutation: You are clumsy. (Dex -2) [potion of mutation]
  7847 | D:7      | Gained mutation: You are partially covered in large bone plates. (SH +4) [potion of mutation]
  7847 | D:7      | Gained mutation: You have large cloven feet. [potion of mutation]
  7915 | D:8      | Noticed Gastronok
  7929 | D:8      | Killed Gastronok
  7929 | D:8      | Reached skill level 16 in Axes
  7929 | D:8      | Reached skill level 1 in Throwing
  7929 | D:8      | Reached XP level 10. HP: 52/77 MP: 9/9
  8155 | D:8      | Noticed Erica
  8163 | D:8      | Noticed Pikel
  8179 | D:8      | Killed Erica
  8179 | D:8      | Reached skill level 17 in Axes
  8183 | D:8      | Killed Pikel
  8193 | D:8      | Paralysed by a hornet for 2 turns
  8659 | D:8      | Found a runed door.
  8659 | D:8      | Noticed a fire dragon
  8659 | D:8      | Noticed a great orb of eyes
  8670 | D:8      | Noticed a frost giant
  8670 | D:8      | Noticed a four-headed hydra
  8673 | D:8      | Noticed a wolf spider
  8673 | D:8      | Noticed a deep elf archer
  8793 | D:8      | Found a burning altar of Makhleb.
  9228 | D:9      | Noticed Grum
  9237 | D:9      | Killed Grum
  9332 | D:9      | Received a gift from Trog
  9368 | D:9      | Noticed a two-headed ogre
  9379 | D:9      | Killed a two-headed ogre
  9379 | D:9      | Reached skill level 5 in Fighting
  9522 | D:9      | Reached XP level 11. HP: 88/88 MP: 10/10
  9560 | D:9      | Noticed Psyche
  9566 | D:9      | Killed Psyche
  9651 | D:9      | Found a shadowy altar of Dithmenos.
  9721 | D:9      | Reached skill level 5 in Shields
  9765 | D:9      | Noticed vuolankoinen's ghost (novice FeSu)
  9865 | D:9      | Killed vuolankoinen's ghost
  9927 | D:9      | Reached skill level 1 in Long Blades
 10249 | D:10     | Entered Level 10 of the Dungeon
 10433 | D:10     | Killed an unseen horror
 10441 | D:10     | Found Taxoqut's Book Boutique.
 10887 | D:11     | Noticed Nergalle
 10906 | D:11     | Killed Nergalle
 10932 | D:11     | Found a flagged portal.
 10940 | D:11     | Received a gift from Trog
 10997 | Bailey   | Entered a bailey
 11003 | Bailey   | Noticed vuolankoinen's ghost (novice FeSu)
 11018 | Bailey   | Killed vuolankoinen's ghost
 11190 | Bailey   | Noticed an orc knight
 11201 | Bailey   | Killed an orc knight
 11920 | D:11     | Found a staircase to the Orcish Mines.
 11947 | D:11     | Reached ****** piety under Trog
 11968 | D:11     | Found an iron altar of Okawaru.
 12049 | D:11     | Noticed Fannar
 12066 | D:11     | Killed Fannar
 12066 | D:11     | Reached skill level 10 in Shields
 12066 | D:11     | Reached XP level 12. HP: 106/106 MP: 11/11
 12135 | D:11     | Reached skill level 10 in Fighting
 12344 | D:11     | Found a staircase to the Lair.
 12559 | D:11     | Identified a scroll of acquirement
 12562 | D:11     | Got a coiled diamond amulet
 12567 | Orc:1    | Entered Level 1 of the Orcish Mines
 12572 | Orc:1    | Received a gift from Trog
 12581 | Orc:1    | Found a bloodstained altar of Trog.
 13109 | Orc:2    | Entered Level 2 of the Orcish Mines
 13109 | Orc:2    | Found a frozen archway.
 13292 | Orc:1    | Identified the amulet of the Hare {+Rage +Inv Int+4} (You acquired it on level 11 of the Dungeon)
 13297 | Orc:2    | Noticed Azrael
 13541 | Orc:1    | Killed Azrael
 13717 | Orc:2    | Found a staircase to the Elven Halls.
 13720 | Orc:2    | Noticed an orc high priest
 13732 | Orc:2    | Killed an orc high priest
 13732 | Orc:2    | Reached skill level 5 in Armour
 13854 | IceCv    | Entered an ice cave
 14075 | IceCv    | HP: 5/108 [polar bear (21)]
 14823 | IceCv    | Got a fine war axe
 14856 | IceCv    | Reached XP level 13. HP: 111/114 MP: 12/12
 14942 | IceCv    | Received a gift from Trog
 14953 | IceCv    | Identified the +1 war axe of Aseol {chop, Str+5} (You found it in an ice cave)
 15076 | IceCv    | Noticed a frost giant
 15102 | IceCv    | Killed a frost giant
 15683 | Orc:2    | Found a roughly hewn altar of Beogh.
 16546 | Orc:2    | Reached skill level 15 in Shields
 16562 | Orc:2    | Paralysed by an orc sorcerer for 4 turns
 16580 | Orc:2    | Found Taunk's Book Shop.
 16589 | Orc:2    | Killed from afar by an orc priest

Skill      XL: |  1  2  3  4  5  6  7  8  9 10 11 12 13 |
---------------+----------------------------------------+-----
Axes           | 4 5 6 7 9 11 13 16 17 | 17.8
Stealth        | 1 |  1.0
Shields        | 1 4 10 13 15 | 15.3
Throwing       | 1 |  1.4
Fighting       | 5 9 10 | 10.6
Long Blades    | 2 |  2.0
Armour         | 6 9 |  9.0
Dodging        | |  2.1

Action                   |  1- 3 |  4- 6 |  7- 9 | 10-12 | 13-15 || total
-------------------------+-------+-------+-------+-------+-------++-------
Melee: Hand axe          |    41 |       |       |       |       ||    41
       Headbutt          |     6 |    19 |    75 |   147 |    47 ||   294
       Battleaxe         |     5 |   131 |   315 |   117 |    28 ||   596
       Kick              |       |       |     2 |   248 |    78 ||   328
       War axe           |       |       |       |   161 |   142 ||   303
       Broad axe         |       |       |       |   354 |       ||   354
       Falchion          |       |       |       |    26 |       ||    26
       Executioner's axe |       |       |       |    14 |       ||    14
       Scimitar          |       |       |       |    40 |       ||    40
Throw: Javelin           |       |       |     5 |       |       ||     5
Invok: Berserk           |       |       |     1 |     2 |     1 ||     4
       Trog's Hand       |       |       |     1 |     1 |     1 ||     3
  Use: Scroll            |       |       |    11 |     8 |       ||    19
       Potion            |       |       |     8 |     6 |     2 ||    16
 Stab: Sleeping          |       |     2 |       |       |       ||     2
  Eat: Chunk             |     1 |     8 |    13 |    18 |     2 ||    42
       Fruit             |       |       |     1 |     2 |       ||     3
       Bread ration      |       |       |       |     2 |     1 ||     3
Armor: Animal skin       |     5 |     5 |       |       |       ||    10
       Ring mail         |       |    19 |       |       |       ||    19
       Chain mail        |       |    34 |   149 |       |       ||   183
       Plate armour      |       |       |    29 |   194 |    21 ||   244
       Leather armour    |       |       |       |    64 |    22 ||    86
       Skin              |       |       |       |     2 |       ||     2
Dodge: Dodged            |    29 |    81 |   128 |    95 |    50 ||   383
Block: Other             |       |     6 |    33 |    57 |    18 ||   114
       Reflection        |       |       |     1 |    52 |       ||    53
       Large shield      |       |       |       |   647 |    91 ||   738
       Rpst.: Scimitar   |       |       |       |     5 |       ||     5
